 Dungeon Crawl Stone Soup version 0.21-a0-91-ga5031da (webtiles) character file.

1398 Ordine the Slasher (level 8, -1/57 HPs)
             Began as an Octopode Fighter on June 30, 2017.
             Slain by a wyvern skeleton (9 damage)
             ... on level 7 of the Dungeon.
             The game lasted 00:11:57 (6218 turns).

Ordine the Slasher (Octopode Fighter)               Turns: 6218, Time: 00:11:57

Health: -1/57      AC:  1    Str: 15    XL:     8   Next: 69%
Magic:  17/17      EV: 14    Int: 10    God:
Gold:   100        SH:  5    Dex: 14    Spells: 7/7 levels left

rFire    . . .     SeeInvis +   y - +0 scimitar
rCold    . . .     Gourm    .   v - +0 buckler
rNeg     . . .     Faith    .   (helmet restricted)
rPois    .         Spirit   .   (no amulet)
rElec    .         Reflect  .   h - ring of magical power
rCorr    .         Harm     .   m - ring of see invisible
MR       .....                  (no ring)
Stlth    ++........             (no ring)
HPRegen  0.19/turn              (no ring)
MPRegen  0.15/turn              (no ring)
                                (no ring)
                                (no ring)

@: no status effects
A: almost no armour, stealthy swim, amphibious, 8 rings, constrict 8, camouflage
1, gelatinous body 1
a: no special abilities


You were on level 7 of the Dungeon.
You were hungry.

You visited 2 branches of the dungeon, and saw 8 of its levels.

You collected 268 gold pieces.
You spent 168 gold pieces at shops.

Inventory:

Hand Weapons
 y - a +0 scimitar (weapon)
Missiles
 a - 4 steel tomahawks
 e - 287 stones (quivered)
 p - 42 poisoned needles
 B - 2 tomahawks
Armour
 b - a +1 shield
 v - a +0 buckler (worn)
Jewellery
 h - a ring of magical power (left tentacle)
 m - a ring of see invisible (right tentacle)
 A - an uncursed amulet of the gourmand {unknown}
Wands
 k - a wand of acid (7/15)
Scrolls
 g - 2 scrolls of enchant armour
 n - a scroll of remove curse
 t - a scroll of enchant weapon
 u - 2 scrolls of immolation
 z - a scroll of magic mapping
Potions
 c - a potion of might
 f - 3 potions of curing
 i - 2 potions of invisibility
 j - a potion of resistance
 q - 3 potions of brilliance
 r - a potion of berserk rage
 w - a potion of heal wounds
 x - a potion of degeneration {unknown}
 C - a potion of cancellation {unknown}
Comestibles
 d - 5 bread rations
 l - a meat ration
 o - 6 fruits
 s - 2 royal jellies


   Skills:
 + Level 5.7 Fighting
 * Level 7.7 Long Blades
 - Level 3.0 Dodging
 + Level 6.1 Shields


You had 7 spell levels left.
You didn't know any spells.

Dungeon Overview and Level Annotations

Branches:
Dungeon (7/15)             Temple (1/1) D:5

Altars:
Ashenzari
Cheibriados
Dithmenos
Elyvilon
Fedhas
Hepliaklqana
Makhleb
Nemelex Xobeh
Qazlal
Ru
Sif Muna
Uskayaw
Vehumet
Yredelemnul
Zin
The Shining One

Shops:
D:5 (   D:6 *


Innate Abilities, Weirdness & Mutations

You cannot wear most types of armour.
You are very stealthy in the water. (Stealth+)
You are amphibious.
You can wear up to eight rings at the same time.
You can use your tentacles to constrict eight enemies at once.
Your skin changes colour to match your surroundings (Stealth+).
Your rubbery body absorbs attacks. (AC +1, EV +1)


Message History

The wyvern skeleton is moderately damaged.
You block the wyvern skeleton's attack. x2
Unknown command.
You slash the wyvern skeleton!
The wyvern skeleton is severely damaged.
The wyvern skeleton bites you!
You barely miss the wyvern skeleton.
The wyvern skeleton is severely damaged.
The wyvern skeleton misses you. The wyvern skeleton bites you!
You are too injured to fight recklessly!
You are too injured to fight recklessly!
Unknown command.
You hit the wyvern skeleton.
The wyvern skeleton is severely damaged.
The howler monkey hoots and howls with incredible vigour!
The wyvern skeleton bites you!
* * * LOW HITPOINT WARNING * * *
Unknown command.
The wyvern skeleton bites you!
You die...

###########
###hZ@.......
#..)###.#.#.#
#.....# #
.......h..#
#.#.......(.
# #.....g...#
.........##.$
##%...$....
...
#........o#
..


You could see a howler monkey and a wyvern skeleton.

Vanquished Creatures
  A centaur (D:6)
  3 bullfrogs
  A scorpion (D:5)
  4 howler monkeys
  4 crimson imps
  A centaur zombie (D:6)
  A bullfrog zombie (D:6)
  4 orc wizards
  2 gnoll shamans (D:6)
  2 orc priests
  3 hounds (D:5)
  Terence (D:3)
  An iguana (D:5)
  4 worker ants
  A killer bee zombie (D:7)
  A hound skeleton (D:4)
  A worker ant zombie (D:5)
  8 gnolls
  6 adders
  An ooze (D:1)
  An adder zombie (D:5)
  3 dart slugs
  A leopard gecko (D:6)
  21 orcs
  A bat (D:1)
  3 giant cockroaches
  7 hobgoblins
  2 kobolds
  2 quokkas
  2 ball pythons
  2 frilled lizards
  2 goblins (D:1)
  A rat (D:1)
98 creatures vanquished.

Notes
Turn   | Place    | Note
-------+----------+-------------------------------------------
     0 | D:1      | Ordine the Octopode Fighter began the quest for the Orb.
     0 | D:1      | Reached XP level 1. HP: 16/16 MP: 1/1
   192 | D:1      | Reached XP level 2. HP: 8/21 MP: 2/2
   478 | D:1      | Reached skill level 3 in Long Blades
   694 | D:2      | Found a sparkling altar of Nemelex Xobeh.
   724 | D:2      | Found a faded altar of an unknown god.
   752 | D:2      | Reached XP level 3. HP: 25/26 MP: 3/3
  1463 | D:2      | Found a shattered altar of Ashenzari.
  1469 | D:2      | Reached XP level 4. HP: 27/31 MP: 4/4
  1924 | D:3      | Noticed Terence
  1938 | D:3      | Killed Terence
  1938 | D:3      | Reached skill level 4 in Long Blades
  2038 | D:3      | Reached XP level 5. HP: 35/36 MP: 5/5
  3070 | D:4      | Found a glowing silver altar of Zin.
  3160 | D:5      | Entered Level 5 of the Dungeon
  3168 | D:5      | Reached XP level 6. HP: 35/43 MP: 6/6
  3261 | D:5      | Reached skill level 5 in Long Blades
  3689 | D:5      | Reached XP level 7. HP: 41/49 MP: 7/7
  3920 | D:5      | Found a staircase to the Ecumenical Temple.
  3929 | Temple   | Entered the Ecumenical Temple
  4371 | D:5      | Found Zoawnat's Antique Weapon Shop.
  4375 | D:5      | Bought a scimitar for 108 gold pieces
  4383 | D:5      | Found a deep blue altar of Sif Muna.
  4567 | D:6      | Found Yvuh Wyu's General Store.
  4582 | D:6      | Reached skill level 6 in Long Blades
  4582 | D:6      | Reached skill level 5 in Shields
  4590 | D:6      | Bought a potion of heal wounds for 60 gold pieces
  4595 | D:6      | Found a shadowy altar of Dithmenos.
  5048 | D:6      | Reached skill level 5 in Fighting
  5048 | D:6      | Reached XP level 8. HP: 50/55 MP: 8/8
  5110 | D:6      | Found a sacrificial altar of Ru.
  5451 | D:6      | Reached skill level 7 in Long Blades
  6218 | D:7      | Slain by a wyvern skeleton

Vault maps used:
D:1:      zaba_arrival_water
D:2:      old_standard_altar, nicolae_ashenzari_panopticon,
          chequers_ecumenical_altar_island
D:3:      uniq_terence
D:4:      zin_statuary, first_bread, minmay_stone_trees_medium
D:5:      minmay_opposing_rooms, lemuel_round_altar, temple_statues,
          serial_shops, nicolae_shop_crystal
D:6:      nicolae_ru_path_of_blood, grunt_dithmenos_smoke, serial_shops,
          nicolae_shop_trees
D:7:      nicolae_gozag_seed_capital, lemuel_doored_altar
Temple:   eino_wide_crystal_templ

Skill      XL: |  1  2  3  4  5  6  7  8 |
---------------+-------------------------+-----
Long Blades    | 3 4 5 6 7 |  7.7
Shields        | 4 5 6 |  6.1
Fighting       | 4 5 |  5.7
Dodging        | |  3.0

Action                   |  1- 3 |  4- 6 |  7- 9 || total
-------------------------+-------+-------+-------++-------
Melee: Long sword        |    49 |    83 |     8 ||   140
       Tentacles         |     4 |    18 |    37 ||    59
       Constrict         |     8 |    26 |    28 ||    62
       Scimitar          |       |       |   101 ||   101
  Use: Scroll            |     7 |     8 |     3 ||    18
       Potion            |     1 |       |     2 ||     3
 Stab: Sleeping          |     6 |     2 |     3 ||    11
  Eat: Chunk             |     1 |     8 |     7 ||    16
Armor: Skin              |     2 |     2 |     3 ||     7
Dodge: Dodged            |    19 |    44 |    70 ||   133
Block: Shield            |    24 |    19 |       ||    43
       Buckler           |       |     7 |    25 ||    32
       Rpst.: Long sword |     7 |    17 |     3 ||    27
       Scimitar          |       |       |    21 ||    21
